 Dungeon Crawl Stone Soup version 0.29-a0-284-gf9362112df (webtiles) character file.

Game seed: 4833161541452574458

3 siradein the Caller (level 1, -1/14 HPs)
             Began as a Draconian Summoner on Mar 31, 2022.
             Slain by a gnoll
             ... wielding a +0 whip
              (3 damage)
             ... on level 1 of the Dungeon.
             The game lasted 00:01:03 (187 turns).

siradein the Caller (Draconian Summoner)             Turns: 187, Time: 00:01:05

Health: -1/14      AC:  4    Str: 10    XL:     1   Next: 41%
Magic:  3/3        EV: 12    Int: 15    God:
Gold:   20         SH:  0    Dex: 11    Spells: 3/4 levels left

rFire   . . .      SeeInvis .   c - +0 war axe
rCold   . . .      Faith    .   (no shield)
rNeg    . . .      Spirit   .   (body armour unavailable)
rPois   .          Reflect  .   (helmet restricted)
rElec   .          Harm     .   (no cloak)
rCorr   .          Rampage  .   (no gloves)
Will    .....                   (no boots)
Stlth   ++........              (no amulet)
HPRegen 0.04/turn               (no ring)
MPRegen 0.08/turn               (no ring)

@: no status effects
A: AC +4, unfitting armour, cold-blooded
a: no special abilities


You were on level 1 of the Dungeon.
You visited 1 branch of the dungeon, and saw 1 of its levels.

You collected 20 gold pieces.

Inventory:

Hand Weapons
 c - a +0 war axe (weapon)
Scrolls
 b - 3 scrolls of identify {unknown}
 d - a scroll of blinking {unknown}
Potions
 a - a potion of magic


   Skills:
 - Level 1.7 Dodging
 - Level 1.7 Stealth
 - Level 2.0 Spellcasting
 + Level 4.2 Summonings


You had 3 spell levels left.
You knew the following spells:

 Your Spells              Type           Power      Damage    Failure   Level
a - Summon Small Mammal   Summ           56%        N/A       4%          1

Your spell library contained the following spells:

 Spells                   Type           Power      Damage    Failure   Level
 Call Imp                 Summ           14%        N/A       6%          2
 Call Canine Familiar     Summ           14%        N/A       12%         3
 Summon Guardian Golem    Hex/Summ       7%         N/A       28%         3
 Summon Lightning Spire   Summ/Air       7%         N/A       67%         4


Dungeon Overview and Level Annotations

Branches:
Dungeon (1/15)

Altars:


Innate Abilities, Weirdness & Mutations

Your plain brown scales are hard. (AC +4)
You cannot fit into any form of body armour.
You are cold-blooded and may be slowed by cold attacks.


Message History

The bat closely misses you. x2
You slash the bat!
You kill the bat!
No target in view!
No target in view!
Found a ring mail.
Found a stone staircase leading down.
Found a robe.
d - a scroll labelled COIQIR KIXACYRCH
Found a mace.
A kobold comes into view. It is wielding a +0 short sword.
Found a scroll labelled SYSTROALARO.
You barely miss the kobold. The kobold closely misses you.
The kobold hits you with a +0 short sword.
You closely miss the kobold.
Your quokka bites the kobold.
The kobold hits you with a +0 short sword.
Your quokka bites the kobold.
The kobold dies!
You are too injured to fight recklessly!
You are too injured to fight recklessly!
A gnoll comes into view. It is wielding a +0 whip.
Things that are here:
a +0 short sword; a kobold corpse A frilled lizard comes into view.
Found a scale mail.
You see here a +0 mace.
There is a stone staircase leading down here.
The gnoll shouts!
The frilled lizard hisses angrily.
A bat comes into view.
You see here a +0 ring mail.
The bat hits you but does no damage. x2; The gnoll hits you with a +0 whip.
* * * LOW HITPOINT WARNING * * *
A hobgoblin comes into view.
You hit the gnoll.
The gnoll is moderately wounded.
The bat hits you.
* * * LOW HITPOINT WARNING * * *
Your quokka bites the bat but does no damage.
The bat closely misses your quokka. The gnoll hits you but does no damage.
The gnoll hits you with a +0 whip.
You die...

#.#####.####.##.#
#...............#
##............###
#.##....####.# #
#.##.# #.# #.##.# #.#
# #.##.# #.#######
.##..#.#..####.b.....#
#..........).)>r@gg#
#.......[..........#
#..#............l#.#
#. ##........".....#
#...#.#######....
#...#.# ..... .....#.#
...[. ##...#.# ......


You could see a gnoll, a hobgoblin, a bat (ally target), a frilled lizard and a
friendly quokka (summoned).

Vanquished Creatures
  A ball python (D:1)
  2 bats (D:1)
3 creatures vanquished.

Vanquished Creatures (collateral kills)
  A kobold (D:1)
1 creature vanquished.

Grand Total: 4 creatures vanquished

Notes
Turn   | Place    | Note
-------+----------+-------------------------------------------
     0 | D:1      | siradein the Draconian Summoner began the quest for the
                  | Orb.
     0 | D:1      | Reached XP level 1. HP: 14/14 MP: 3/3
   187 | D:1      | Slain by a gnoll

Illustrated notes

Levels and vault maps discovered:
D:1:      lordsloth_arrival_two_stooges, layout_loops_ring,
          hellmonk_ecumenical_altar_crossroads, st_stairs_12, patterned_corridor

Action                   || total
-------------------------++-------
Melee: War axe           ||    11
       Tailslap          ||     1
 Cast: Summon Small Mamm ||     2
Armor: Skin              ||     9
Dodge: Dodged            ||    15

Table legend: (Time is in decaauts)
 A = Elapsed time spent in this place.
 B = Non-inter-level travel time spent in this place.
 C = Inter-level travel time spent in this place.
 D = Time resting spent in this place.
 E = Time spent auto-exploring this place.
 F = Levels seen in this place.
 G = Mean time per level.
                   A        B        C        D        E       F      G
               +--------+--------+--------+--------+--------+-----+--------+
         Total |    191 |    191 |      0 |      0 |    127 |   1 |  191.0 |
       Dungeon |    191 |    191 |      0 |      0 |    127 |   1 |  191.0 |
               +--------+--------+--------+--------+--------+-----+--------+

Top non-repeatable levels by time:
     D:1: 191 daAuts
